 Dungeon Crawl Stone Soup version 0.29.0-15-g675c0067aa (webtiles) character file.

Game seed: 13768973335904279889

2 qw the Sneak (level 1, 0/14 HPs)
             Began as a Gargoyle Delver on Sept 11, 2022.
             Slain by an orc wizard
             ... wielding a +0 dagger
              (2 damage)
             ... on level 4 of the Dungeon.
             The game lasted 00:00:01 (33 turns).

qw the Sneak (Gargoyle Delver)                        Turns: 33, Time: 00:00:02

Health: 0/14       AC:  5    Str: 15    XL:     1   Next: 30%
Magic:  1/1        EV: 11    Int: 10    God:
Gold:   0          SH:  0    Dex: 11    Spells: 0/0 levels left

rFire   . . .      SeeInvis .   a - +0 hand axe
rCold   . . .      Faith    .   (no shield)
rNeg    + . .      Spirit   .   b - +0 leather armour
rPois   inf        Reflect  .   (no helmet)
rElec   +          Harm     .   (no cloak)
rCorr   .          Rampage  .   (no gloves)
Will    .....                   (no boots)
Stlth   +++.......              (no amulet)
HPRegen 0.04/turn               (no ring)
MPRegen 0.07/turn               (no ring)

@: no status effects
A: sickness immunity, AC +2, negative energy resistance 1, electricity
resistance, torment resistance 1, petrification resistance
a: no special abilities


You were on level 4 of the Dungeon.
You visited 1 branch of the dungeon, and saw 2 of its levels.


Innate Abilities, Weirdness & Mutations

You are immune to sickness and miasma.
Your stone body is resilient. (AC +2)
You are immune to poison.
You resist negative energy. (rN+)
You are resistant to electric shocks. (rElec)
You are resistant to unholy torment.
You are immune to petrification.


   Skills:
 - Level 3.2 Fighting
 + Level 2.0 Axes
 - Level 1.5 Dodging
 - Level 5.4 Stealth


You couldn't memorise any spells.
You didn't know any spells.
Your spell library was empty.

Inventory:

Hand Weapons
 a - a +0 hand axe (weapon)
Armour
 b - a +0 leather armour (worn)
Wands
 g - a wand of digging (3)
Potions
 f - a potion of haste

Dungeon Overview and Level Annotations

Branches:
Dungeon (5/15)
 Temple: D:4-7

Altars:


Message History

The orc is almost dead.
You hit the orc but do no damage.
The orc barely misses you. x2; The orc hits you with a +0 short sword.
You closely miss the orc wizard.
The orc shouts!
You hit the orc.
You hear a shout!
The orc closely misses you.
You closely miss the orc.
The orc is heavily wounded.
You barely miss the orc wizard.
The orc wizard hits you but does no damage.
The orc barely misses you.
You hit the orc.
You kill the orc!
You hit the orc wizard but do no damage.
You hit the orc but do no damage.
The orc wizard points at you and mumbles some strange words.
You resist with significant effort. The orc hits you with a +0 short sword.
Your Axes skill increases to level 2!
You hit the orc but do no damage.
The orc is heavily wounded.
You closely miss the orc wizard. The orc hits you but does no damage.
The orc wizard hits you but does no damage.
You barely miss the orc.
The orc is heavily wounded.
You barely miss the orc.
You hit the orc wizard but do no damage.
The orc barely misses you.
A hobgoblin comes into view.
The orc wizard barely misses you. The orc closely misses you.
A goblin comes into view. It is wielding a +0 dagger.
The orc closely misses you. The orc barely misses you.
You hit the orc but do no damage.
The orc is heavily wounded.
You barely miss the orc wizard. You hit the orc but do no damage. x2
The orc barely misses you. x2; The orc hits you but does no damage.
The orc wizard hits you with a +0 dagger.
You die...

##.. .# ... .#
###..####.# ...
#.....##..# ...
####8..8##..# ...
#......>....# ..#
............# #.#
.#..........###..#
#..........o@o..#
#..........oo##.#
##.#####......#
... #...##........
..
.........?.g..oo
......##.....g..o
##...........)...
##... .........o
#. ...........


You could see an orc wizard, 3 orcs, a hobgoblin and a goblin.

Vanquished Creatures
  An orc (D:4)
1 creature vanquished.

Notes
Turn   | Place    | Note
-------+----------+-------------------------------------------
     0 | D:5      | qw the Gargoyle Delver began the quest for the Orb.
     0 | D:5      | Reached XP level 1. HP: 14/14 MP: 1/1
     0 | D:5      | 0 ||| qw: Version: 0.1-a-118-gb4e7ce6
     0 | D:5      | 0 ||| qw: Game counter: 10291
     0 | D:5      | 0 ||| qw: Always use a shield: true
     0 | D:5      | 0 ||| qw: God list: Okawaru
     0 | D:5      | 0 ||| qw: Allow faded altars: false
     0 | D:5      | 0 ||| qw: Do Orc after D:15 true
     0 | D:5      | 0 ||| qw: Do second Lair branch before Depths: true
     0 | D:5      | 0 ||| qw: Lair rune preference: random
     0 | D:5      | 0 ||| qw: Plans: Normal
     0 | D:5      | 0 ||| PLANNING D:1-11
     2 | D:5      | 2 ||| DROPPING scroll of fog.
     3 | D:5      | 3 ||| DROPPING scroll of magic mapping.
     4 | D:5      | 4 ||| DROPPING scroll of fear.
    21 | D:4      | 21 ||| Stepping ~*~*~tactically~*~*~ (stealth).
    21 | D:4      | Noticed an orc wizard
    22 | D:4      | 22 ||| Stepping ~*~*~tactically~*~*~ (stealth).
    30 | D:4      | HP: 2/14 [orc/+0 short sword (2)]
    33 | D:4      | Slain by an orc wizard

Levels and vault maps discovered:
D:4:      layout_rooms, minitemple, uniq_blork_the_orc, uniq_eustachio
D:5:      layout_gridville, lemuel_mausoleum_altar_kikubaaqudgha, st_stairs_14

Skill      XL: |  1 |
---------------+----+-----
Axes           | 2 |  2.0
Fighting       | |  3.2
Dodging        | |  1.5
Stealth        | |  5.4

Action                   || total
-------------------------++-------
Melee: Hand axe          ||    10
Armor: Leather armour    ||     4
Dodge: Dodged            ||    13

Table legend:
 A = Non-vault XP
 B = Vault XP
 C = Vault XP percentage of total XP
 D = Non-vault monster count
 E = Vault monster count
 F = Vault count percentage of total count
                 A         B        C        D         E       F
            +---------+---------+-------+---------+---------+-------
      Total |       3 |       0 |   0.0 |       1 |       0 |   0.0
            +---------+---------+-------+---------+---------+-------
        D:4 |       3 |       0 |   0.0 |       1 |       0 |   0.0
            +---------+---------+-------+---------+---------+-------
